 Dungeon Crawl Stone Soup version 0.18.1-47-g9310371 (webtiles) character file.

187 Gargoyl the Skirmisher (level 5, 0/42 HPs)
             Began as a Demonspawn Abyssal Knight on June 15, 2016.
             Was a Believer of Lugonu.
             Slain by an ogre
             ... wielding a +0 giant spiked club
              (11 damage)
             ... on level 4 of the Dungeon.
             The game lasted 00:06:16 (3825 turns).

Gargoyl the Skirmisher (Demonspawn Abyssal Knight)  Turns: 3825, Time: 00:06:17

Health: 0/42       AC: 14    Str: 13      XL:     5   Next: 39%
Magic:  7/7        EV:  0    Int: 13      God:    Lugonu [**....]
Gold:   196        SH: 11    Dex: 11 (13) Spells: 0 memorised, 4 levels left

rFire  . . .     SeeInvis .     a - +2 hand axe
rCold  . . .     Gourm    .     f - +0 chain mail
rNeg   . . .     Faith    .     k - +0 large shield
rPois  .         Spirit   .     q - +0 helmet
rElec  .         Dismiss  .     d - +0 cloak
rCorr  .         Reflect  .     (no gloves)
SustAt .         Harm     .     (no boots)
MR     .....                    (no amulet)
Stlth  ..........               (no ring)
                                (no ring)

@: not resistant to hostile enchantments, extremely unstealthy
A: hooves 1, icy blue scales 2
a: Depart the Abyss, Bend Space, Renounce Religion


You were on level 4 of the Dungeon.
You worshipped Lugonu.
Lugonu was pleased with you.
You were not hungry.

You visited 1 branch of the dungeon, and saw 4 of its levels.
You visited the Abyss 1 time.

You collected 196 gold pieces.

Inventory:

Hand Weapons
 a - a +2 hand axe (weapon)
 t - a +1 trident of flaming
Missiles
 i - a tomahawk (quivered)
Armour
 d - a +0 cloak (worn)
 f - a +0 chain mail (worn)
 k - a +0 large shield (worn)
 q - a +0 helmet (worn)
Scrolls
 e - a scroll of blinking
 j - 2 scrolls of amnesia
 l - a scroll of identify
Potions
 g - 2 potions of might {unknown}
 h - a potion of degeneration
 p - a potion of lignification {unknown}
Comestibles
 b - a meat ration
 c - 2 bread rations
 s - 6 fruits


   Skills:
 + Level 3.9 Fighting
 + Level 2.4 Axes
 * Level 3.6 Armour
 + Level 1.4 Dodging
 + Level 0.2 Stealth
 + Level 1.1 Shields
 + Level 2.7 Invocations


You had 4 spell levels left.
You didn't know any spells.

Dungeon Overview and Level Annotations

Branches:
Dungeon (4/15)
 Temple: D:4-7

Altars:
Ashenzari

Annotations:
D:3 DrPhoenix's ghost, weakling MiGl


Innate Abilities, Weirdness & Mutations

You have large cloven feet.
You are mostly covered in icy blue scales (AC +3, EV -1).


Message History

You kill the shadow imp!
Lugonu accepts your kill.
An ogre comes into view. It is wielding a giant spiked club.
The ogre shouts!
Throwing (i - inventory):
i - 2 tomahawks (quivered)
Press: ? - help, Shift-Dir - straight line, f - ogre
Aim: an ogre, wielding a giant spiked club You throw a tomahawk.
The tomahawk hits the ogre but does no damage.
The ogre hits you with a giant spiked club!
An ooze comes into view.
The ooze quivers.
You slash the ogre!
The ogre is moderately wounded.
The ogre hits you with a giant spiked club!
* * * LOW HITPOINT WARNING * * *
You hit the ogre. You kick the ogre, but do no damage.
The ogre is heavily wounded.
The ogre hits you with a giant spiked club!
You die...

.. .# J# # ############.###..
#.........)...... ##
#$.........(..##.# .#
####.........O...##.# .#
#.##.........@.).##.# .#
#.##.............##.## .#
#.##..#######+#+###..# .# #.##..#
#.# #..# .###.##..####### #.#
#..# .##............. #.# #..##
.##..##..##..#####.###...########
...[.##..##......................
.######..##..#####.###.....######


You could see an ogre and an ooze.

Vanquished Creatures
  A centaur skeleton (D:3)
  A worker ant (D:4)
  Robin (D:2)
  5 adders
  A shadow imp (D:4)
  An adder skeleton (D:4)
  A worm (D:2)
  A dart slug (D:1)
  A giant gecko (D:3)
  2 orcs
  3 giant cockroaches
  16 goblins
  10 hobgoblins
  A quokka (D:3)
  8 bats
  3 giant newts
  4 kobolds
  3 rats
63 creatures vanquished.

Notes
Turn   | Place    | Note
--------------------------------------------------------------
     0 | Abyss:1  | Gargoyl the Demonspawn Abyssal Knight began the quest for the Orb.
     0 | Abyss:1  | Reached XP level 1. HP: 18/18 MP: 2/2
    39 | Abyss:2  | Found a corrupted altar of Lugonu.
    74 | Abyss:2  | Noticed a worldbinder
    79 | Abyss:2  | Noticed a tarantella
    81 | Abyss:2  | Noticed a jumping spider
    81 | Abyss:2  | Noticed a redback
    81 | Abyss:2  | Noticed a tarantella
    85 | D:1      | Escaped the Abyss
   376 | D:1      | Reached skill level 1 in Dodging
   473 | D:1      | Gained mutation: You are partially covered in icy blue scales (AC +1). [demonic ancestry]
   473 | D:1      | Reached XP level 2. HP: 23/24 MP: 3/3
   736 | D:1      | Reached * piety under Lugonu
  1506 | D:2      | Reached XP level 3. HP: 29/29 MP: 5/5
  1584 | D:2      | Found a shattered altar of Ashenzari.
  1715 | D:2      | Noticed Robin
  1724 | D:2      | Killed Robin
  2025 | D:2      | Gained mutation: You are mostly covered in icy blue scales (AC +3, EV -1). [demonic ancestry]
  2025 | D:2      | Reached XP level 4. HP: 37/37 MP: 6/6
  2622 | D:3      | Reached ** piety under Lugonu
  2727 | D:3      | Noticed DrPhoenix's ghost (weakling MiGl)
  3602 | D:4      | Reached skill level 1 in Shields
  3602 | D:4      | Gained mutation: You have large cloven feet. [demonic ancestry]
  3602 | D:4      | Reached XP level 5. HP: 37/42 MP: 7/7
  3820 | D:4      | Noticed an ogre
  3825 | D:4      | Slain by an ogre

Skill      XL: |  1  2  3  4 |
---------------+-------------+-----
Dodging        | 1 |  1.4
Armour         | 2 3 |  3.6
Axes           | 2 |  2.4
Shields        | 1 |  1.1
Fighting       | |  3.9
Stealth        | |  0.2
Invocations    | |  2.7

Action                   |  1- 3 |  4- 6 || total
-------------------------+-------+-------++-------
Melee: Hand axe          |   127 |   191 ||   318
       Kick              |       |     8 ||     8
Throw: Tomahawk          |       |     1 ||     1
Invok: Depart the Abyss  |     1 |       ||     1
  Use: Scroll            |       |    10 ||    10
       Potion            |       |     2 ||     2
  Eat: Chunk             |     4 |     6 ||    10
Armor: Leather armour    |     4 |       ||     4
       Chain mail        |    81 |   162 ||   243
Dodge: Dodged            |    23 |     3 ||    26
Block: Large shield      |    53 |   111 ||   164
